 Dungeon Crawl Stone Soup version 0.31.0-32-g396128a36d (webtiles) character file.

Game seed: 7963478443586436722

768 spaghetti the Skirmisher (level 7, -6/60 HPs)
             Began as a Naga Hunter on Apr 2, 2024.
             Was an Initiate of Gozag.
             Shot with an arrow by a centaur (11 damage)
             ... on level 5 of the Dungeon.
             The game lasted 00:05:32 (3588 turns).

spaghetti the Skirmisher (Naga Hunter)              Turns: 3588, Time: 00:05:32

Health: -6/60      AC:  5    Str: 12 (14) XL:     7   Next: 82%
Magic:  7/7        EV:  9    Int:  6 (9)  God:    Gozag
Gold:   382        SH:  0    Dex: 15 (16) Spells: 6/6 levels left

rFire   . . .        a - +1 shortbow
rCold   . . .        (shield currently unavailable)
rNeg    . . .        c - +0 leather armour
rPois   +            (no helmet)
rElec   .            (no cloak)
rCorr   .            i - +1 pair of gloves
SInv    +            (no barding)
Will    .....        (no amulet)
Stlth   ++           (no ring)
HPRegen 0.30/turn    (no ring)
MPRegen 0.10/turn

%: no passive effects
@: very slow
A: AC +2, large, see invisible, deformed body, poison resistance, slowness 2,
spit poison 1, naga tail 1
a: Spit Poison, Renounce Religion, Potion Petition, Call Merchant, Bribe Branch


You were on level 5 of the Dungeon.
You worshipped Gozag.
Gozag was aware of your devotion.
You visited 1 branch of the dungeon, and saw 5 of its levels.

You collected 420 gold pieces.
You paid 38 gold pieces to Gozag.

Inventory:

Hand Weapons
 a - a +1 shortbow (weapon)
Armour
 c - a +0 leather armour (worn)
 i - a +1 pair of gloves (worn)
Jewellery
 b - a ring of willpower
 d - an amulet of regeneration
Wands
 k - a wand of flame (13)
Scrolls
 f - 2 scrolls of revelation
 h - 2 scrolls of teleportation
Potions
 g - 6 potions of enlightenment


   Skills:
 - Level 2.0 Fighting
 + Level 8.6 Ranged Weapons
 - Level 1.5 Dodging
 - Level 1.5 Stealth


You had 6 spell levels left.
You didn't know any spells.
Your spell library contained the following spells:

 Spells                   Type           Power      Damage    Failure   Level
 Ensorcelled Hibernation  Hex/Ice        0%         N/A       67%         2
 Hailstorm                Conj/Ice       0%         3d5       88%         3
 Passwall                 Erth           0%         N/A       88%         3
 Summon Ice Beast         Ice/Summ       0%         N/A       88%         3
 Swiftness                Air            0%         N/A       88%         3
 Summon Mana Viper        Hex/Summ       0%         N/A       100%        5
 Sculpt Simulacrum        Ice/Alch       0%         N/A       100%        6
 Monstrous Menagerie      Summ           0%         N/A       100%        7


Dungeon Overview and Level Annotations

Branches:
Dungeon (5/15)             Temple (0/1) D:5

Altars:
Gozag
Kikubaaqudgha
Vehumet
Wu Jian

Annotations:
D:1 2 transporters
D:3 Natasha


Innate Abilities, Weirdness & Mutations

Your serpentine skin is tough. (AC +2)
You have supernaturally acute eyesight. (SInv)
Armour fits poorly on your strangely shaped body.
Your system is resistant to poisons. (rPois)
You cover ground very slowly.
You can spit poison.
You have a snake-like lower body.


Message History

You shoot an arrow. The arrow hits the jelly!
The jelly is almost dead.
The jelly barely misses you.
Fire: a) +1 shortbow
Press: ? - help, Q - select action, (/) - cycle Shift-Dir - straight line, f/p - jelly
Aim: a jelly (almost dead, 91% to hit)
You shoot an arrow. The arrow completely misses the jelly.
Your surroundings suddenly seem different.
Found 6 stones, a scroll of identify and 6 gold pieces.
You start resting.
A centaur comes into view.
A centaur is nearby!
A centaur is nearby!
A centaur is nearby!
A centaur is nearby!
Fire: a) +1 shortbow
Press: ? - help, Q - select action, (/) - cycle Shift-Dir - straight line, f - centaur
Aim: a centaur (wandering, hasn't noticed you, 76% to hit)
You shoot an arrow. The centaur shouts!
The arrow hits the centaur!
The centaur is heavily wounded.
You have got your breath back.
The centaur wields a +0 shortbow.
The centaur shoots an arrow.
The arrow hits you!
* * * LOW HITPOINT WARNING * * *
Fire: a) +1 shortbow
Press: ? - help, Q - select action, (/) - cycle Shift-Dir - straight line, f/p - centaur
Aim: a centaur, wielding a +0 shortbow (heavily wounded, 76% to hit)
You shoot an arrow. The arrow hits the centaur.
The centaur is heavily wounded.
The centaur shoots an arrow.
The arrow hits you.
* * * LOW HITPOINT WARNING * * *
Okay, then.
It was a potion of degeneration.
There was something very wrong with that liquid.
You feel weakened.
You feel dopey.
You feel clumsy.
The centaur shoots an arrow.
The arrow hits you!
You die...
Your body crumbles into a pile of gold.

#.... #$# ...
...............
...
............?..
..#
..?.............
#..$............
#.......... =...
#.....?....
#..........
#.@.....(.
##.......c
#########


You could see a centaur.

Vanquished Creatures
  An ogre (D:4)
  A centaur (D:5)
  A phantom (D:4)
  A scorpion (D:4)
  2 bombardier beetles
  2 jellies (D:4)
  2 hounds (D:5)
  Ijyb (D:5)
  A sleepcap (D:4)
  Natasha (D:3)
  An iguana (D:4)
  2 orc wizards (D:4)
  3 gnolls (D:5)
  3 adders
  A white imp (D:5)
  2 dart slugs
  3 orcs
  11 endoplasms
  3 giant cockroaches
  9 goblins
  6 hobgoblins
  5 jackals
  5 kobolds
  A quokka (D:1)
  6 ball pythons
  5 bats
  3 frilled lizards (D:1)
  5 rats
87 creatures vanquished.

Notes
Turn   | Place    | Note
-------+----------+-------------------------------------------
     0 | D:1      | spaghetti the Naga Hunter began the quest for the Orb.
     0 | D:1      | Reached XP level 1. HP: 19/19 MP: 1/1
    65 | D:1      | Reached skill level 4 in Ranged Weapons
    65 | D:1      | Reached XP level 2. HP: 26/26 MP: 2/2
   600 | D:2      | Reached XP level 3. HP: 32/32 MP: 3/3
  1405 | D:3      | Found an opulent altar of Gozag.
  1426 | D:3      | Found an ancient bone altar of Kikubaaqudgha.
  1439 | D:3      | Noticed Natasha
  1447 | D:3      | Reached skill level 5 in Ranged Weapons
  1447 | D:3      | Reached XP level 4. HP: 31/39 MP: 4/4
  1450 | D:3      | Killed Natasha
  1469 | D:3      | Became a worshipper of Gozag Ym Sagoz the Greedy
  1612 | D:4      | Reached XP level 5. HP: 45/45 MP: 5/5
  1660 | D:4      | Noticed an ogre
  1686 | D:3      | Noticed Natasha
  1690 | D:3      | You fall into a shaft and drop 1 floor!
  1893 | D:4      | Found a radiant altar of Vehumet.
  1903 | D:4      | Reached skill level 6 in Ranged Weapons
  1903 | D:4      | Noticed a phantom
  2012 | D:4      | Reached XP level 6. HP: 22/52 MP: 6/6
  2299 | D:4      | Reached skill level 7 in Ranged Weapons
  2468 | D:4      | Reached XP level 7. HP: 51/60 MP: 7/7
  3051 | D:5      | Entered Level 5 of the Dungeon
  3051 | D:5      | Noticed Ijyb
  3066 | D:5      | Killed Ijyb
  3224 | D:5      | Reached skill level 8 in Ranged Weapons
  3412 | D:5      | Found an ornate altar of the Wu Jian Council.
  3528 | D:5      | Found a staircase to the Ecumenical Temple.
  3588 | D:5      | Shot with an arrow by a centaur

Illustrated notes

Levels and vault maps discovered:
D:1:      spicycebolla_arrival_transporter_tutorial, layout_basic,
          glass_columns_b
D:2:      layout_loops_ring
D:3:      layout_rooms, mainiacjoe_overflow_swirl, uniq_natasha
D:4:      layout_basic, vehumet_altar_wand_db
D:5:      layout_rooms, nzn_wu_jian_contemplation, minmay_temple_entry_arrows,
          nicolae_the_louvre, uniq_ijyb

Skill      XL: |  1  2  3  4  5  6  7 |
---------------+----------------------+-----
Ranged Weapons | 4 5 6 7 8 |  8.6
Fighting       | |  2.0
Dodging        | |  1.5
Stealth        | |  1.5

Action                     |  1- 3 |  4- 6 |  7- 9 || total
---------------------------+-------+-------+-------++-------
   Fire: Shortbow          |   117 |   113 |    95 ||   325
Ability: Spit Poison       |       |     1 |     3 ||     4
    Use: Scroll            |     3 |     4 |     5 ||    12
         Potion            |     1 |     3 |     4 ||     8
 Armour: Leather armour    |    24 |    47 |    40 ||   111
         Skin              |       |       |     9 ||     9
  Dodge: Dodged            |    19 |    23 |    30 ||    72
